 Dungeon Crawl Stone Soup version 0.21-a0-352-g5b8f553 (webtiles) character file.

287 grizmgrazm2 the Covert (level 6, -3/46 HPs)
             Began as a Vampire Assassin on Oct 11, 2017.
             Slain by arkorax's ghost (7 damage)
             ... on level 4 of the Dungeon.
             The game lasted 00:07:15 (3546 turns).

grizmgrazm2 the Covert (Vampire Assassin)           Turns: 3546, Time: 00:07:16

Health: -3/46      AC:  4    Str: 11    XL:     6   Next: 8%
Magic:  0/6        EV: 13    Int: 20    God:
Gold:   230        SH:  0    Dex: 15    Spells: 5/5 levels left

rFire    . . .     SeeInvis +   a - +2 dagger
rCold    + . .     Gourm    .   (no shield)
rNeg     + + +     Faith    .   c - +0 robe
rPois    +         Spirit   +   (no helmet)
rElec    .         Reflect  .   d - +0 cloak
rCorr    .         Harm     .   (no gloves)
MR       .....                  x - +0 pair of boots
Stlth    +++++.....             w - amulet of guardian spirit
HPRegen  0.07/turn              i - ring of positive energy
MPRegen  0.10/turn              r - ring of wizardry

@: brilliant, lethally poisoned (-3 -> -13), regenerating slowly, hasted, very
quick
A: fangs 3, see invisible, unbreathing
a: Bat Form


You were on level 4 of the Dungeon.
You were thirsty.

You visited 1 branch of the dungeon, and saw 4 of its levels.

You collected 230 gold pieces.

Inventory:

Hand Weapons
 a - a +2 dagger (weapon)
 b - a +0 blowgun
Missiles
 e - 8 poisoned needles
 f - 2 curare-tipped needles
Armour
 c - a +0 robe (worn)
 d - a +0 cloak (worn)
 x - a +0 pair of boots (worn)
Jewellery
 i - a ring of positive energy (left hand)
 r - a ring of wizardry (right hand)
 w - an amulet of guardian spirit (around neck)
Scrolls
 j - 3 scrolls of blinking {unknown}
 k - 2 scrolls of fog {unknown}
 n - 4 scrolls of teleportation {unknown}
 o - 2 scrolls of amnesia {unknown}
 p - 3 scrolls of magic mapping {unknown}
 q - 2 scrolls of immolation {unknown}
 s - a scroll of remove curse {unknown}
 t - a scroll of identify {unknown}
 y - a scroll of enchant armour {unknown}
Potions
 g - 10 potions of blood
 m - 2 potions of cancellation {unknown}
 u - a potion of invisibility {unknown}
 v - a potion of degeneration {unknown}
 z - 2 potions of ambrosia {unknown}
 A - 2 potions of flight {unknown}


   Skills:
 + Level 2.4 Fighting
 + Level 3.6 Short Blades
 - Level 1.5 Throwing
 + Level 2.5 Dodging
 + Level 9.3 Stealth


You had 5 spell levels left.
You didn't know any spells.

Dungeon Overview and Level Annotations

Branches:
Dungeon (4/15)
 Temple: D:4-7

Altars:
Nemelex Xobeh

Annotations:
D:4 arkorax's ghost, amateur MiSu


Innate Abilities, Weirdness & Mutations

You heal slowly.
You have razor-sharp teeth.
You have supernaturally acute eyesight. (SInv)
You can survive without breathing.


Message History

The worker ant poisons you! Arkorax's ghost hits you.
* * * LOW HITPOINT WARNING * * *
You are feeling thirsty.
You closely miss the worker ant.
The worker ant is lightly wounded.
* * * LOW HITPOINT WARNING * * *
You feel sick.
The worker ant bites you but does no damage.
Arkorax's ghost shrieks, "I have seen your future, and it is all used up."
Arkorax's ghost hits you but does no damage.
It was a potion of haste.
You feel yourself speed up.
* * * LOW HITPOINT WARNING * * *
You feel sick.
The worker ant bites you but does no damage.
Arkorax's ghost hits you.
* * * LOW HITPOINT WARNING * * *
It was a potion of brilliance.
You feel clever all of a sudden. The worker ant misses you.
Arkorax's ghost hits you!
You die...

###............##.......#
#............########a###
##.####.###.### #.#
...####.# #.# #.#
........# #.# #.#
##......# #.# #.#
........# #.# #.#
##.####.###.##########.#
#.# #........W@a.....#
#.########.############
#..........# ############


You could see a worker ant and arkorax's ghost.

Vanquished Creatures
  A phantom (D:4)
  2 orc priests (D:3)
  A worker ant (D:4)
  3 adders (D:3)
  An ooze (D:1)
  3 worms
  3 dart slugs
  3 leopard geckos
  4 orcs (D:3)
  5 giant cockroaches
  14 goblins
  7 hobgoblins
  6 kobolds
  A quokka (D:4)
  5 bats
  2 frilled lizards
  6 rats
67 creatures vanquished.

Notes
Turn   | Place    | Note
-------+----------+-------------------------------------------
     0 | D:1      | grizmgrazm2 the Vampire Assassin began the quest for the Orb.
     0 | D:1      | Reached XP level 1. HP: 16/16 MP: 1/1
    46 | D:1      | Reached skill level 6 in Stealth
    57 | D:1      | Reached XP level 2. HP: 20/22 MP: 2/2
   408 | D:1      | Reached skill level 7 in Stealth
   683 | D:1      | Reached XP level 3. HP: 26/27 MP: 3/3
  2039 | D:3      | Reached XP level 4. HP: 33/33 MP: 4/4
  2665 | D:3      | Reached skill level 8 in Stealth
  2674 | D:3      | Found a sparkling altar of Nemelex Xobeh.
  2770 | D:3      | Reached XP level 5. HP: 21/38 MP: 3/5
  3387 | D:4      | Noticed a phantom
  3391 | D:4      | Killed a phantom
  3391 | D:4      | Reached skill level 9 in Stealth
  3416 | D:4      | Reached XP level 6. HP: 46/46 MP: 6/6
  3457 | D:4      | Noticed arkorax's ghost (amateur MiSu)
  3546 | D:4      | Slain by arkorax's ghost

Vault maps used:
D:1:      erik_arrival_triangle_small, minmay_pentomino_z2
D:3:      nicolae_overflow_crystal_walls
D:4:      kennysheep_vampire_church, minmay_misc_feat_roman

Skill      XL: |  1  2  3  4  5 |
---------------+----------------+-----
Stealth        | 6 7 8 9 |  9.3
Fighting       | 2 |  2.4
Short Blades   | 3 |  3.6
Dodging        | 2 |  2.5
Throwing       | |  1.5

Action                   |  1- 3 |  4- 6 || total
-------------------------+-------+-------++-------
Melee: Dagger            |   111 |   103 ||   214
       Bite              |     9 |     7 ||    16
 Abil: End Transformatio |       |     1 ||     1
       Bat Form          |       |     1 ||     1
  Use: Potion            |       |     5 ||     5
 Stab: Sleeping          |    14 |    13 ||    27
Armor: Robe              |    20 |    23 ||    43
Dodge: Dodged            |    60 |    49 ||   109

Table legend:
 A = Spawn XP
 B = Non-spawn XP
 C = Spawn XP percentage of total XP
 D = Spawn monster count
 E = Non-spawn monster count
 F = Spawn count percentage of total count
 G = Total turns spent on level
                    A         B        C        D         E        F      G
               +---------+---------+-------+---------+---------+-------+---------
         Total |       0 |     411 |   0.0 |       0 |      67 |   0.0 |  3546
               +---------+---------+-------+---------+---------+-------+---------
           D:1 |       0 |      41 |   0.0 |       0 |      22 |   0.0 |   820
           D:2 |       0 |      38 |   0.0 |       0 |      17 |   0.0 |  1131
           D:3 |       0 |     172 |   0.0 |       0 |      24 |   0.0 |  1269
           D:4 |       0 |     160 |   0.0 |       0 |       4 |   0.0 |   326
               +---------+---------+-------+---------+---------+-------+---------
